 Dungeon Crawl Stone Soup version 0.32-a0-975-g85d4e5bfdb (webtiles) character file.

Game seed: 5462425697205486312

5954 ezpacito the Trooper (level 10, -7/76 HPs)
             Began as a Coglin Chaos Knight on Apr 20, 2024.
             Was a Plaything of Xom.
             Mangled by a komodo dragon (18 damage)
             ... on level 8 of the Dungeon.
             The game lasted 00:12:41 (8175 turns).

ezpacito the Trooper (Coglin Chaos Knight)          Turns: 8175, Time: 00:12:42

Health: -7/76      AC:  9    Str: 14    XL:     10   Next: 84%
Magic:  14/14      EV: 13    Int: 10    God:    Xom [.*....]
Gold:   863        SH:  4    Dex: 22    Spells: 2/15 levels left

rFire   . . .        i - +5 broad axe (chaos) {Ermengarde}
rCold   . . .        e - +9 flail (protect) {Busisiwe}
rNeg    . . .        v - +0 acid dragon scales
rPois   .            (helmet restricted)
rElec   +            (no cloak)
rCorr   +            r - +0 pair of gloves
SInv    .            w - +0 pair of boots
Will    .....        (amulet unavailable)
Stlth   ++           (ring unavailable)
HPRegen 0.32/turn    (ring unavailable)
MPRegen 0.14/turn    (no gizmo)

%: no passive effects
@: mighty, revving
A: off-hand wielding, slow wielding, warmup strikes, no jewellery, antennae 1,
large bone plates 1, agile 2, electricity resistance, noise suppression
a: Invent Gizmo, Renounce Religion


You were on level 8 of the Dungeon.
You worshipped Xom.
You were a plaything of Xom.
You visited 2 branches of the dungeon, and saw 10 of its levels.
You also visited: Ossuary.

You collected 1316 gold pieces.
You spent 453 gold pieces at shops.

Inventory:

Hand Weapons
 a - a +0 hand axe of chaos {Chikashi}
 b - a +0 war axe
 e - a +9 flail of protection (offhand) {Busisiwe}
 h - a +0 sling
 i - a +5 broad axe of chaos (weapon) {Ermengarde}
 m - a +0 trident {Ai}
 p - a +1 broad axe of freezing
 K - the +7 great mace "Firestarter" {flame, immolate, rFlCloud rF++}
   (You took it off an orc wizard on level 8 of the Dungeon)

   rFlCloud:  It grants immunity to clouds of flame.
   rF++:      It greatly protects you from fire.
Missiles
 j - 4 curare-tipped darts (quivered)
 n - 23 poisoned darts
 z - 4 javelins
Armour
 r - a +0 pair of gloves (worn)
 v - +0 acid dragon scales (worn)
 w - a +0 pair of boots (worn)
 J - a +2 chain mail of willpower
Magical Staves
 o - a staff of earth
Talismans
 G - a blade talisman
Wands
 c - a wand of light (12)
 y - a wand of flame (20)
 A - a wand of warping (15)
Scrolls
 g - 3 scrolls of fear
 s - 2 scrolls of noise
 t - 2 scrolls of teleportation
 u - 4 scrolls of vulnerability
 x - 2 scrolls of torment
 B - 2 scrolls of revelation
 D - 4 scrolls of fog
 E - 3 scrolls of amnesia
 H - 3 scrolls of poison
Potions
 f - a potion of attraction
 k - 4 potions of brilliance
 q - 9 potions of curing
 C - a potion of enlightenment
 F - a potion of haste {unknown}
 I - a potion of lignification


   Skills:
 * Level 6.0 Fighting
 * Level 5.9(6.7) Axes
 * Level 4.3(5.6) Polearms
 + Level 1.4 Ranged Weapons
 + Level 3.0 Throwing
 * Level 5.0 Armour
 * Level 4.5 Dodging
 + Level 3.1 Stealth
 + Level 3.0 Spellcasting
 + Level 0.8 Conjurations
 + Level 2.2 Hexes
 + Level 0.7 Summonings
 + Level 3.2 Necromancy
 + Level 1.8 Translocations
 + Level 1.8 Fire Magic
 + Level 1.7 Air Magic
 + Level 2.8 Earth Magic
 * Level 3.1 Alchemy
 + Level 4.5 Evocations
 + Level 1.0 Shapeshifting


You had 2 spell levels left.
You knew the following spells:

 Your Spells              Type           Power      Damage    Failure   Level
a - Cigotuvi's Dreadful   Necr/Alch/Air  12%        N/A       19%         2
b - Ignite Poison         Fire/Alch      6%         N/A       80%         4
c - Sting                 Conj/Alch      20%        1d4       17%         1
d - Summon Small Mammal   Summ           8%         N/A       28%         1
g - Apportation           Tloc           10%        N/A       19%         1
s - Slow                  Hex            24%        N/A       16%         1
x - Vampiric Draining     Necr           7%         2d6       30%         3

Your spell library contained the following spells:

 Spells                   Type           Power      Damage    Failure   Level
 Necrotise                Necr           28%        1d5       11%         1
 Confusing Touch          Hex            6%         N/A       41%         3
 Hailstorm                Conj/Ice       2%         3d5       67%         3
 Summon Ice Beast         Ice/Summ       2%         N/A       69%         3
 Frozen Ramparts          Ice            2%         1d1       75%         3
 Ozocubu's Armour         Ice            1%         N/A       75%         3
 Brom's Barrelling Bould  Conj/Erth      5%         2d3       87%         4
 Summon Mana Viper        Hex/Summ       4%         N/A       99%         5
 Freezing Cloud           Conj/Ice/Air   1%         6-21      100%        5
 Metabolic Englaciation   Hex/Ice        1%         N/A       100%        5
 Bombard                  Conj/Erth      2%         9d1       100%        6
 Permafrost Eruption      Ice/Erth       2%         2x4d2     100%        6
 Sculpt Simulacrum        Ice/Alch       2%         N/A       100%        6
 Monstrous Menagerie      Summ           1%         N/A       100%        7
 Seismic Cannonade        Alch/Erth      3%         6d4       100%        7


Dungeon Overview and Level Annotations

Branches:
Dungeon (9/15)             Temple (1/1) D:6         Ossuary (visited)
   Lair: D:8-11         Orc: D:9-12

Altars:
Ashenzari
Cheibriados
Dithmenos
Fedhas
Gozag
Hepliaklqana
Kikubaaqudgha
Makhleb
Nemelex Xobeh
Okawaru
Qazlal
Ru
Sif Muna
Trog
Uskayaw
Vehumet
Wu Jian
Xom
Yredelemnul
Zin
The Shining One

Shops:
D:2 [   D:5 ?


Innate Abilities, Weirdness & Mutations

You can wield a second weapon in your off-hand.
It takes a long time for you to wield or remove held weapons.
Your first few attacks do less damage.
You cannot equip rings or amulets.
You have a pair of small antennae on your head.
You are partially covered in large bone plates. (SH +4)
You are very agile. (Dex +8, Str/Int -2)
You are resistant to electric shocks. (rElec)
You passively dampen the noise of your surroundings.


Message History

The red ugly thing is almost dead.
You slash the red ugly thing with your +5 broad axe of chaos!
You kill the red ugly thing! "The weather's been a little too boring around here."
You are now a plaything of Xom.
The komodo dragon bites you!
Your Shapeshifting skill increases to level 1!
You take 7 damage, and have 45/76 hp.
You hit the komodo dragon but do no damage.
The komodo dragon is poisoned.
You sock the komodo dragon with your +9 flail of protection!
You are engulfed in seething chaos.
The komodo dragon bites you!!
You take 19 damage, and have 26/76 hp.
MASSIVE DAMAGE!!
You slash the komodo dragon with your +5 broad axe of chaos!
The komodo dragon seems to speed up.
The komodo dragon is moderately wounded.
You barely miss the komodo dragon with your +9 flail of protection.
You are engulfed in seething chaos.
The komodo dragon bites you but does no damage.
The komodo dragon bites you!!
* * * LOW HITPOINT WARNING * * *
You take 22 damage, and have 4/76 hp.
MASSIVE DAMAGE!!
Okay, then.
You feel much better.
You are engulfed in seething chaos.
The komodo dragon barely misses you.
You regained 26 hp, and now have 30/76 hp.
You feel very mighty all of a sudden.
You are engulfed in seething chaos.
The komodo dragon barely misses you. The komodo dragon bites you!!
* * * LOW HITPOINT WARNING * * *
You take 19 damage, and have 11/76 hp.
MASSIVE DAMAGE!!
Okay, then.
The komodo dragon is engulfed in seething chaos.
The komodo dragon seems to grow stronger.
The komodo dragon is engulfed in seething chaos. x2
The komodo dragon falls asleep!
The komodo dragon hisses angrily.
The komodo dragon bites you!!
You die...
Xom laughs nastily!

.....###.####. ## ###.###..#
.....#ß.ß.ß#.##.## ##)..##.##
.....#.ß.ß.#.#...#.. #.###.#.##
.#...#ß.ß.ß#K....... {#.# ###.##
.##..#.ß.ß.#Ouy{k):. .#.###.#...
...>.#ß.ß.ß#.## #.##...##..#
###..###.####K#######.####.###..#
##..###.#.####§.#.#..###.....##..
#..## #.#.#)###l@..[###....#..##.
#.## #.#.#.#####.####..#..##..##
#.# #(#.#.#.##...##..##..###..#
#.#.#.#[#.#.#.#.##..#.###(#.....#
#.#.......(.......###....###....#
#.#.#.#.#.#.#.#.##..#.....#.###.#
..# #.#.#.#.#.##...##..###[.##..#
..### #.#.#.##########..##).#..##
...## #.#.#[##.......##..#[...##.


You could see a komodo dragon (fast, strong, poisoned) and a kobold brigand.

Vanquished Creatures
  A two-headed ogre (D:4)
  An ugly thing (D:8)
  A manticore (D:8)
  A cyclops (D:8)
  A kobold demonologist (D:8)
  A troll (D:8)
  Sigmund (D:4)
  A wraith (D:8)
  A steam dragon (D:7)
  An acid dragon (D:8)
  An orc warrior (D:8)
  An ice beast (D:6)
  3 centaurs
  2 ogres
  2 kobold brigands (D:8)
  3 bullfrogs
  9 scorpions
  3 wights (D:8)
  6 killer bees
  4 howler monkeys
  2 centaur zombies (Ossuary)
  A jelly (D:6)
  4 bombardier beetles
  A gnoll bouda (D:7)
  5 orc priests
  4 hounds
  3 human zombies (Ossuary)
  A sleepcap (D:6)
  Ijyb (D:4)
  3 scorpion zombies (Ossuary)
  Natasha (thrice) (D:4)
  2 iguanas (D:5)
  2 orc wizards
  3 mummies (Ossuary)
  7 gnolls
  3 adders
  4 white imps
  5 adder zombies (Ossuary)
  A dart slug (D:3)
  A ribbon worm (D:2)
  29 orcs
  8 ball pythons
  5 bats
  9 endoplasms
  5 giant cockroaches
  2 gnoll zombies (Ossuary)
  5 goblins
  6 hobgoblins
  4 quokkas
  2 frilled lizards
  4 jackal zombies (Ossuary)
  16 kobolds
  3 orc zombies (Ossuary)
  6 rats
204 creatures vanquished.

Vanquished Creatures (collateral kills)
  A hound (D:5)
  A kobold (D:3)
2 creatures vanquished.

Grand Total: 206 creatures vanquished

Notes
Turn   | Place    | Note
-------+----------+-------------------------------------------
     0 | D:1      | ezpacito the Coglin Chaos Knight began the quest for the
                  | Orb.
     0 | D:1      | Reached XP level 1. HP: 18/18 MP: 1/1
    50 | D:1      | XOM: silly message
    98 | D:1      | Reached skill level 1 in Dodging
   244 | D:1      | Reached XP level 2. HP: 18/24 MP: 2/2
   686 | D:2      | Reached XP level 3. HP: 29/29 MP: 3/3
   716 | D:2      | You fall into a shaft and drop 1 floor!
   813 | D:2      | Found Heg Desk's Antique Armour Boutique.
  1250 | D:2      | Reached XP level 4. HP: 35/35 MP: 4/4
  1281 | D:2      | XOM: cloud trail
  1389 | D:3      | Noticed a +0 short sword
  1390 | D:3      | Noticed a +0 dagger
  1391 | D:3      | Noticed a +0 dagger
  1391 | D:3      | Noticed a +0 spear
  1391 | D:3      | Noticed a +0 short sword
  1392 | D:3      | Noticed a +0 spear
  1392 | D:3      | Noticed a +0 falchion
  1393 | D:3      | Noticed a +0 falchion
  1394 | D:3      | Found a hide-covered altar of Uskayaw.
  1435 | D:3      | XOM: 7-stop teleportation journey
  1550 | D:3      | XOM: 1-stop teleportation journey
  1571 | D:3      | Found an iron altar of Okawaru.
  1587 | D:3      | XOM: smoke on damage
  1706 | D:3      | XOM: silly message
  2073 | D:3      | Learned a level 3 spell: Vampiric Draining
  2119 | D:3      | Found a large runed translucent door.
  2120 | D:3      | Found a large runed translucent door.
  2123 | D:3      | Found a shimmering altar of Xom.
  2174 | D:3      | Found a faded altar of an unknown god.
  2524 | D:4      | Noticed Sigmund
  2536 | D:4      | Killed Sigmund
  2537 | D:4      | Reached skill level 1 in Polearms
  2537 | D:4      | Reached skill level 1 in Stealth
  2537 | D:4      | Reached skill level 1 in Evocations
  2537 | D:4      | Reached XP level 5. HP: 40/42 MP: 4/6
  2537 | D:4      | Reached XP level 6. HP: 45/48 MP: 4/7
  2589 | D:4      | Reached skill level 1 in Spellcasting
  2602 | D:4      | Reached skill level 1 in Necromancy
  2673 | D:4      | Found a hazy altar of Hepliaklqana.
  2760 | D:4      | Reached skill level 1 in Throwing
  2794 | D:4      | Noticed Natasha
  2800 | D:4      | Killed Natasha
  2801 | D:4      | Reached skill level 4 in Fighting
  2801 | D:4      | Reached XP level 7. HP: 48/54 MP: 8/8
  2815 | D:4      | Noticed a two-headed ogre
  2828 | D:4      | Noticed Natasha
  2834 | D:4      | Killed a two-headed ogre
  2835 | D:4      | Reached skill level 1 in Earth Magic
  2835 | D:4      | Reached XP level 8. HP: 56/61 MP: 8/10
  2848 | D:4      | Killed Natasha
  2931 | D:4      | Noticed Edmund
  2933 | D:4      | Noticed Ijyb
  2933 | D:4      | XOM: torment (32/61 hp)
  2941 | D:4      | Edmund changed into Edmund the killer bee
  2941 | D:4      | Noticed Edmund
  2942 | D:4      | Killed Edmund the killer bee
  2945 | D:4      | XOM: swap monsters
  2959 | D:4      | Killed Ijyb
  3012 | D:4      | Learned a level 1 spell: Slow
  3089 | D:4      | Noticed Natasha
  3094 | D:4      | Killed Natasha
  3240 | D:5      | Entered Level 5 of the Dungeon
  3483 | D:5      | XOM: summons friendly white imp
  3514 | D:5      | Found The Oracle's Delphic Readings.
  3546 | D:5      | Bought a scroll of revelation for 82 gold pieces
  3546 | D:5      | Bought a scroll of identify for 22 gold pieces
  3546 | D:5      | Bought a scroll of identify for 22 gold pieces
  3546 | D:5      | Bought a scroll of identify for 22 gold pieces
  3739 | D:5      | XOM: silly message
  3774 | D:5      | Reached skill level 5 in Axes
  4032 | D:5      | Found an ancient bone altar of Kikubaaqudgha.
  4093 | D:5      | Found a glowing golden altar of the Shining One.
  4174 | D:5      | Bought a scroll of teleportation for 33 gold pieces
  4174 | D:5      | Bought a scroll of vulnerability for 44 gold pieces
  4228 | D:6      | Reached skill level 5 in Fighting
  4228 | D:6      | Reached skill level 1 in Hexes
  4228 | D:6      | Reached XP level 9. HP: 56/68 MP: 12/12
  4276 | D:6      | XOM: confusion (+ monsters)
  4290 | D:6      | Learned a level 2 spell: Cigotuvi's Dreadful Rot
  4295 | D:6      | Learned a level 4 spell: Ignite Poison
  4462 | D:6      | Found a staircase to the Ecumenical Temple.
  4485 | Temple   | Entered the Ecumenical Temple
  4522 | D:6      | Found a basalt altar of Yredelemnul.
  4653 | D:6      | XOM: 3-stop teleportation journey
  4840 | D:6      | Found an opulent altar of Gozag.
  4968 | D:6      | XOM: god gift: book of Cantrips
  5008 | D:6      | Learned a level 1 spell: Apportation
  5010 | D:6      | Learned a level 1 spell: Sting
  5035 | D:6      | XOM: 3-stop teleportation journey
  5053 | D:7      | XOM: summons friendly ufetubus
  5056 | D:7      | Reached skill level 1 in Alchemy
  5264 | D:7      | XOM: give mutations
  5264 | D:7      | Gained mutation: You have a pair of small antennae on your
                  | head. [Xom's grace]
  5264 | D:7      | Gained mutation: You are agile. (Dex +4, Str/Int -1) [Xom's
                  | grace]
  5527 | D:7      | Found a sand-covered staircase.
  5613 | D:7      | Identified the +4 barding "Wusm" {Stlth+} (Xom gifted it to
                  | you on level 7 of the Dungeon)
  5613 | D:7      | XOM: god gift: +4 barding "Wusm" {Stlth+}
  5620 | Ossuary  | Entered an ossuary
  5661 | Ossuary  | XOM: divination: detect creatures
  5735 | Ossuary  | Reached skill level 1 in Air Magic
  5781 | Ossuary  | Reached skill level 1 in Fire Magic
  6002 | Ossuary  | XOM: god gift: 6 stones
  6181 | D:7      | Identified a scroll of acquirement
  6181 | D:7      | Acquired 911 gold pieces
  6221 | D:7      | XOM: scenery: create altars
  6347 | D:7      | XOM: give mutations
  6347 | D:7      | Gained mutation: You are partially covered in large bone
                  | plates. (SH +4) [Xom's grace]
  6347 | D:7      | Gained mutation: You are resistant to electric shocks.
                  | (rElec) [Xom's grace]
  6347 | D:7      | Gained mutation: You passively dampen the noise of your
                  | surroundings. [Xom's grace]
  6374 | D:8      | Reached skill level 1 in Ranged Weapons
  6374 | D:8      | Reached skill level 1 in Translocations
  6375 | D:8      | Reached XP level 10. HP: 66/74 MP: 13/13
  6432 | D:8      | XOM: cloud trail
  6542 | D:8      | XOM: stat loss: -1 Int (10/11)
  6604 | D:8      | XOM: god gift: +4 broad axe of chaos
  6685 | D:8      | Found a snail-covered altar of Cheibriados.
  6688 | D:8      | Found a shadowy altar of Dithmenos.
  6699 | D:8      | Found a bloodstained altar of Trog.
  6702 | D:8      | Found a radiant altar of Vehumet.
  6918 | D:8      | XOM: cloud trail
  6996 | D:8      | Noticed a kobold demonologist
  7000 | D:8      | Noticed a soul eater
  7002 | D:8      | Killed a kobold demonologist
  7197 | D:2      | Bought a fading chain mail for 228 gold pieces
  7197 | D:2      | Identified the +1 chain mail of Motoriki {*Slow rPois MP+9}
                  | (You bought it in a shop on level 2 of the Dungeon)
  7297 | D:6      | XOM: give mutation
  7297 | D:6      | Gained mutation: You are very agile. (Dex +8, Str/Int -2)
                  | [Xom's grace]
  7390 | D:8      | XOM: enchant monster (good)
  7515 | D:8      | Learned a level 1 spell: Summon Small Mammal
  7666 | D:8      | XOM: potion effect (attraction)
  7864 | D:8      | Noticed a cyclops
  7870 | D:8      | Killed a cyclops
  7888 | D:8      | Identified the ring "Viter" {Fire rPois}
  7936 | D:8      | Noticed a manticore
  7940 | D:8      | XOM: smoke on damage
  7946 | D:8      | Killed a manticore
  7947 | D:8      | Reached skill level 6 in Fighting
  7947 | D:8      | Reached skill level 5 in Armour
  8161 | D:8      | Noticed a red ugly thing
  8161 | D:8      | Noticed a two-headed ogre
  8161 | D:8      | Found the +10 morningstar "Eos" {elec, Halo rElec}
  8161 | D:8      | Noticed a red ugly thing
  8169 | D:8      | Killed a red ugly thing
  8169 | D:8      | XOM: chaos cloud
  8170 | D:8      | Reached skill level 1 in Shapeshifting
  8175 | D:8      | Mangled by a komodo dragon

Illustrated notes

Levels and vault maps discovered:
D:1:      lemuel_arrival_muddy, layout_basic
D:2:      layout_loops_ring, serial_shops, shop
D:3:      due_chaos_kobolds, layout_loops_corners, nicolae_uskayaw_en_pointe,
          old_standard_altar, shapermc_ecumenical_altar_hornbeckon,
          minmay_statues_item
D:4:      layout_rooms, mainiacjoe_overflow_alcove_1, uniq_edmund, uniq_ijyb,
          uniq_natasha, uniq_sigmund
D:5:      layout_loops_cross, kennysheep_little_box,
          nicolae_tso_swordbearing_angel, nicolae_nh_oracle_at_delphi
D:6:      layout_loops_ring, mainiacjoe_overflow_brackets, grunt_gozag_statues,
          minmay_temple_entry_gardened_gates,
          nicolae_concentric_dashed_squares_mild
D:7:      layout_basic, nicolae_ossuary_entry_false_entrances
D:8:      minmay_the_grid_octo_tiled_octocenter [minmay_the_grid_octo_pinwheel,
          minmay_the_grid_octo_checkered, minmay_the_grid_octo_empty,
          minmay_the_grid_octo_teeth,
          minmay_the_grid_octo_prize_ultimate_mussel_roller,
          minmay_the_grid_square_5x5_c,
          minmay_the_grid_square_5x5_almost_minimal,
          minmay_the_grid_square_5x5_checkered_statues,
          minmay_the_grid_square_5x5_v], layout_basic,
          grunt_temple_overflow_cloverleaf, dk_noncrumbling_2
D:9:      layout_loops_corners, serial_shops, nicolae_diamond_shop, uniq_pikel
Temple:   cyrus_temple_forest

Skill      XL: |  1  2  3  4  5  6  7  8  9 10 |
---------------+-------------------------------+-----
Dodging        | 1 2 3 4 |  4.5
Armour         | 2 3 4 5 |  5.0
Polearms       | 1 2 3 4 |  4.3
Stealth        | 1 2 3 |  3.1
Evocations     | 1 2 3 4 |  4.5
Spellcasting   | 1 2 3 |  3.0
Axes           | 4 5 |  5.9
Necromancy     | 1 2 3 |  3.2
Throwing       | 1 2 3 |  3.0
Fighting       | 4 5 6 |  6.0
Earth Magic    | 1 2 |  2.8
Hexes          | 1 2 |  2.2
Alchemy        | 2 3 |  3.1
Air Magic      | 1 |  1.7
Fire Magic     | 1 |  1.8
Ranged Weapons | 1 |  1.4
Translocations | 1 |  1.8
Shapeshifting  | 1 |  1.0
Conjurations   | |  0.8
Summonings     | |  0.7

Action                     |  1- 3 |  4- 6 |  7- 9 | 10-12 || total
---------------------------+-------+-------+-------+-------++-------
  Melee: Hand axe          |    78 |    58 |   186 |     8 ||   330
         Dagger            |    46 |       |       |       ||    46
         Trident           |    28 |    39 |       |       ||    67
         Whip              |       |    29 |    13 |       ||    42
         Flail             |       |       |   190 |    78 ||   268
         Broad axe         |       |       |       |    59 ||    59
  Throw: Dart              |       |       |     6 |       ||     6
    Use: Scroll            |       |     7 |    17 |     1 ||    25
         Potion            |       |     4 |     7 |     3 ||    14
   Stab: Sleeping          |     1 |     1 |       |       ||     2
         Confused          |       |       |     3 |     1 ||     4
         Distracted        |       |       |     1 |       ||     1
 Armour: Leather armour    |    36 |    41 |    19 |       ||    96
         Skin              |       |       |     4 |       ||     4
         Chain mail        |       |       |   172 |    79 ||   251
         Acid dragon scale |       |       |       |    20 ||    20
  Dodge: Dodged            |    49 |    35 |   111 |    56 ||   251
  Block: Other             |       |       |     1 |    23 ||    24

Table legend: (Time is in decaauts)
 A = Elapsed time spent in this place.
 B = Non-inter-level travel time spent in this place.
 C = Inter-level travel time spent in this place.
 D = Time resting spent in this place.
 E = Time spent auto-exploring this place.
 F = Levels seen in this place.
 G = Mean time per level.
                   A        B        C        D        E       F      G
               +--------+--------+--------+--------+--------+-----+--------+
         Total |   8282 |   7578 |    704 |    147 |   5869 |  11 |  752.9 |
       Dungeon |   7852 |   7149 |    703 |    147 |   5688 |   9 |  872.4 |
        Temple |      1 |      1 |      0 |      0 |      0 |   1 |    1.0 |
       Ossuary |    429 |    429 |      0 |      0 |    181 |   1 |  429.0 |
               +--------+--------+--------+--------+--------+-----+--------+

Top non-repeatable levels by time:
     D:8: 1538 daAuts
     D:3: 1298 daAuts
     D:5: 960 daAuts
     D:6: 953 daAuts
     D:7: 936 daAuts
     D:2: 768 daAuts
     D:4: 765 daAuts
     D:1: 630 daAuts
 Ossuary: 429 daAuts
  Temple: 1 daAuts
     D:9: 1 daAuts
